Map: Abyssal Reef LE

Players

Imperius - Winner!

  • Race: Terran Terran
  • Spawn Location: 5:00

VOD

Have the link to the VOD?

Description

Time

  • Played on: April 26, 2025, 12:57 a.m.
  • Length: 13:27
Show
View Real Time Build Order
Export as new Build Order

Imperius Terran - Winner!

Build Orders:  

Get SALT Encoding   

  12  0:00  SCV  
  13  0:17  SCV  
  14  0:42  SCV  
  14  0:47  Supply Depot  
  15  1:17  SCV  
  16  1:27  Barracks  
  16  1:34  SCV  
  17  1:47  Refinery  
  17  1:51  SCV  
  18  2:08  SCV  
  19  2:28  SCV, Barracks  
  20  2:45  SCV  
  21  2:50  Refinery  
  21  3:13  Barracks Tech Lab  
  21  3:38  Supply Depot, SCV  
  22  3:54  SCV  
  23  4:06  Command Center  
  23  4:08  Marauder  
  25  4:11  SCV  
  26  4:28  Marine  
  27  4:37  SCV  
  27  4:38  Marauder  
  30  4:53  Marine  
  31  5:14  Factory  
  31  5:25  Supply Depot  
  31  5:46  Marine, Marauder  
  34  6:09  Orbital Command  
  34  6:11  Marine  
  34  6:16  Marauder  
  37  6:36  Marine  
  38  6:46  Marauder  
  38  6:49  Starport  
  40  6:57  Barracks  
  40  7:02  SCV  
  41  7:14  Stimpack  
  41  7:16  Marauder  
  41  7:19  SCV  
  44  7:32  Supply Depot  
  44  7:36  SCV  
  45  7:46  Marauder  
  47  7:53  SCV  
  48  8:07  Marine x2  
  50  8:10  SCV  
  50  8:16  Marauder  
  53  8:32  Marine x2  
  55  8:45  Marauder  
  57  8:55  Medivac  
  57  8:57  Marine x2  
  61  9:14  SCV  
  62  9:28  Supply Depot  
  62  9:34  Supply Depot  
  62  9:58  Medivac, Marine, SCV, Marauder  
  68  10:03  Refinery  
  68  10:04  Unknown  
  68  10:15  SCV  
  69  10:26  Marine  
  69  10:27  Marine  
  69  10:28  Marauder  
  73  10:32  SCV  
  74  10:40  Medivac  
  74  10:45  Supply Depot  
  74  10:49  SCV  
  77  10:51  Marine  
  78  11:15  Marine x2, SCV  
  78  11:16  Marine  
  82  11:22  Medivac  
  84  11:32  SCV  
  85  11:40  Marine  
  86  11:54  Concussive Shells  
  86  12:00  Unknown  
  86  12:35  Unknown  
  86  12:59  Marine  
Tags
 
Add a new tag
Caveats
  • Supply blocks, unpowered buildings, or Contaminate may cause inaccurate times.
  • Supply counts are checked every 10 seconds.